cohdb
Replays
Latest Replays
All Replays
Popular Replays
Top Player Replays
Match Explorer
How It Works
Community
CoH3 Stats
Reddit
Sign in to upload your games and track your stats! →
Sign in with Steam
Match 29064010
Unlisted
Match 29064010
Overview
Messages
Build Orders
End
Kettenkrad Recon Vehicle
Construct Infanterie Kompanie
Selects Mechanized Battlegroup
MG 42 Machine Gun Team
Grenadier Squad
Grenadier Squad
Construct Luftwaffe Kompanie
Medical Station
Luftwaffe Officer Quarters
Jäger Squad
Selects Raid Package
Selects 8 Rad Armored Car
8 Rad Armored Car
Pioneer Squad
Flak 30 Anti-aircraft Gun Team
Jäger Squad
Jäger Squad
MORDEN
Gorgutzer
ks
spekrtp
Friendly Mouse(Poxie)
gameing
Sawyerz
Bubujibroozy
0
0
Comments
sign in to comment!
No comments posted yet!